 Dungeon Crawl Stone Soup version 0.30.0-10-gfe55d96785 (webtiles) character file.

Game seed: 1625122108354918439

85 cheesebisquit the Firebug (level 4, -1/36 HPs)
             Began as a Draconian Fire Elementalist on May 14, 2023.
             Slain by Grinder (6 damage)
             ... on level 3 of the Dungeon.
             The game lasted 00:07:59 (2611 turns).

cheesebisquit the Firebug (DrFE)                    Turns: 2611, Time: 00:08:00

Health: -1/36      AC:  6    Str: 10    XL:     4   Next: 25%
Magic:  4/8        EV: 12    Int: 17    God:
Gold:   77         SH:  0    Dex: 12    Spells: 7/8 levels left

rFire   + . .        j - +2 dagger (drain)
rCold   + . .        (no shield)
rNeg    . . .        (body armour unavailable)
rPois   +            (helmet restricted)
rElec   +            (no cloak)
rCorr   +            i - +0 pair of gloves
SInv    .            (no boots)
Will    .....        (no amulet)
Stlth   ++           (no ring)
HPRegen 0.26/turn    (no ring)
MPRegen 0.11/turn

%: no passive effects
@: resistant
A: AC +5, unfitting armour, cold-blooded
a: no special abilities


You were on level 3 of the Dungeon.
You visited 1 branch of the dungeon, and saw 3 of its levels.

You collected 77 gold pieces.

Inventory:

Hand Weapons
 j - a +2 dagger of draining (weapon)
Missiles
 h - 4 poisoned darts
Armour
 i - a +0 pair of gloves (worn)
Scrolls
 a - 2 scrolls of identify {unknown}
 b - a scroll of fear {unknown}
 c - 2 scrolls of teleportation {unknown}
 d - a scroll of blinking {unknown}
 e - a scroll of enchant weapon {unknown}
 g - 2 scrolls of poison {unknown}
 l - a scroll of fog {unknown}


   Skills:
 + Level 2.0 Fighting
 + Level 2.5 Dodging
 + Level 2.6 Stealth
 + Level 2.6 Spellcasting
 - Level 1.0 Conjurations
 - Level 3.0 Fire Magic


You had 7 spell levels left.
You knew the following spells:

 Your Spells              Type           Power      Damage    Failure   Level
a - Foxfire               Conj/Fire      36%        2x1d5     8%          1

Your spell library contained the following spells:

 Spells                   Type           Power      Damage    Failure   Level
 Scorch                   Fire           24%        2d6       8%          2
 Inner Flame              Hex/Fire       7%         N/A       28%         3
 Volatile Blastmotes      Fire/Tloc      14%        2d11      28%         3
 Flame Wave               Conj/Fire      9%         2d6       61%         4
 Fulminant Prism          Conj/Hex       2%         3d5       82%         4
 Iskenderun's Mystic Bla  Conj/Tloc      4%         2d3       82%         4
 Lee's Rapid Deconstruct  Erth           1%         3d4*      99%         5


Dungeon Overview and Level Annotations

Branches:
Dungeon (3/15)

Altars:

Annotations:
D:3 Grinder


Innate Abilities, Weirdness & Mutations

Your plain brown scales are hard. (AC +5)
You cannot fit into any form of body armour.
You are cold-blooded and may be slowed by cold attacks.


Message History

Grinder is lightly wounded.
Grinder gestures at you.
You suddenly lose the ability to move!
Grinder hits you.
You writhe in agony.
You can move again.
You conjure some foxfire!
Grinder hits you.
You writhe in agony.
You closely miss Grinder.
Your tail-slap misses Grinder.
Your punch misses Grinder.
Grinder is lightly wounded.
The foxfire hits Grinder but does no damage.
Grinder is lightly wounded.
The foxfire hits Grinder.
Grinder is lightly wounded.
Grinder gestures at you. You resist with significant effort.
You conjure some foxfire!
Grinder hits you.
You writhe in agony.
You closely miss Grinder. You tail-slap Grinder.
Grinder is lightly wounded.
The foxfire hits Grinder.
Grinder is moderately wounded.
The foxfire hits Grinder but does no damage.
Grinder is moderately wounded.
Grinder closely misses you.
You are too injured to fight recklessly!
Casting: Foxfire (safe; 8% risk of failure)
Press: ? - help, Q - select action, (/) - cycle Dir - look around, f - activate You conjure some foxfire!
Grinder hits you.
You writhe in agony.
You hit Grinder but do no damage.
Your tail-slap misses Grinder.
Grinder is moderately wounded.
The foxfire hits Grinder.
Grinder is moderately wounded.
The foxfire hits Grinder.
Grinder is moderately wounded.
Grinder hits you.
You writhe in agony.
* * * LOW HITPOINT WARNING * * *
It was a potion of resistance.
You feel protected. Grinder hits you.
You die...

.....#..........##†#.#....#+#
.....#...........#.#.#....#
.....####'######.#.#.#....#
)....# #.#......#.#.#....#
.....# #.#.####.#.#.#.(..#
.)...# #.#.#....#.#.#....#
###### #.#.#....#.#.#....#
#.#...[#5#.#.#....#.#
#######.#.[...@..#.#....#.#
.............§####.#....#.####
.##########........##.........
##..####............ ##.##
#............
#..###............
##..##...†........
##.#####'###+####
#.....#.###.###


You could see Grinder.

Vanquished Creatures
  Terence (D:3)
  An adder (D:2)
  2 dart slugs
  7 ball pythons
  4 bats
  5 endoplasms
  2 giant cockroaches
  4 hobgoblins
  3 jackals (D:2)
  5 kobolds
  4 frilled lizards
  5 goblins
  4 rats
47 creatures vanquished.

Vanquished Creatures (others)
  137 foxfires
137 creatures vanquished.

Grand Total: 184 creatures vanquished

Notes
Turn   | Place    | Note
-------+----------+-------------------------------------------
     0 | D:1      | cheesebisquit the Draconian Fire Elementalist began the
                  | quest for the Orb.
     0 | D:1      | Reached XP level 1. HP: 14/14 MP: 3/3
   541 | D:1      | Reached XP level 2. HP: 13/22 MP: 0/5
   727 | D:1      | Reached skill level 1 in Fighting
  1248 | D:2      | Reached XP level 3. HP: 28/28 MP: 4/6
  2157 | D:3      | Noticed Terence
  2186 | D:3      | Killed Terence
  2187 | D:3      | Reached XP level 4. HP: 19/36 MP: 1/7
  2391 | D:3      | Noticed Grinder
  2601 | D:3      | Paralysed by Grinder for 4 turns
  2611 | D:3      | Slain by Grinder

Illustrated notes

Levels and vault maps discovered:
D:1:      nagdon_arrival_zigzag_paths, layout_loops_corners
D:2:      layout_rooms
D:3:      layout_basic, marbit_many_paths, uniq_grinder, uniq_terence

Skill      XL: |  1  2  3  4 |
---------------+-------------+-----
Stealth        | 2 |  2.6
Dodging        | 2 |  2.5
Fighting       | 1 2 |  2.0
Spellcasting   | |  2.6
Conjurations   | |  1.0
Fire Magic     | |  3.0

Action                     |  1- 3 |  4- 6 || total
---------------------------+-------+-------++-------
  Melee: Dagger            |    48 |     6 ||    54
         Tailslap          |     4 |     2 ||     6
         Unarmed           |     4 |       ||     4
   Cast: Foxfire           |    64 |    15 ||    79
    Use: Potion            |     4 |     2 ||     6
 Armour: Skin              |    18 |     2 ||    20
  Dodge: Dodged            |    56 |     6 ||    62
